 Dungeon Crawl Stone Soup version 0.29-a0-284-gf9362112df (webtiles) character file.

Game seed: 4599131071566103684

106903 sokol815 the Executioner (level 15, -6/147 HPs)
             Began as a Minotaur Berserker on Mar 15, 2022.
             Was the Champion of Trog.
             Mangled by a naga warrior
             ... wielding a +0 dire flail
              (24 damage)
             ... on level 1 of the Snake Pit.
             The game lasted 00:58:45 (21128 turns).

sokol815 the Executioner (Minotaur Berserker)      Turns: 21128, Time: 00:58:45

Health: -6/147     AC: 22    Str: 26    XL:     15   Next: 98%
Magic:  0/23       EV: 13    Int:  9    God:    Trog [******]
Gold:   1082       SH:  0    Dex: 16    Spells: 14/14 levels left

rFire   + . .      SeeInvis .   a - +7 executioner's axe of the Ten Ultimatums {holy, rElec rF+}
rCold   + . .      Faith    .   (shield currently unavailable)
rNeg    + . .      Spirit   +   t - +4 troll leather armour {Pargi}
rPois   +          Reflect  .   Z - +2 hat {Stlth+}
rElec   +          Harm     .   n - +2 ratskin cloak {*Rats rPois rN+ Str-1 Int-1 Dex+1}
rCorr   .          Rampage  +   k - +2 pair of gloves {Str+3}
Will    +....                   K - +2 pair of boots {Fly}
Stlth   ++........              x - amulet of the Ego {Spirit Rampage Str-5 Int+4 Dex+4}
HPRegen 1.14/turn               c - ring of Geggu Qire {rC+ MP+9 Str+3}
MPRegen 0.18/turn               Q - +4 ring of slaying

@: lethally poisoned (-6 -> -10), flying, constricted
A: horns 2, retaliatory headbutt, deterioration 1
a: Renounce Religion, Berserk, Trog's Hand, Brothers in Arms


You were on level 1 of the Snake Pit.
You worshipped Trog.
Trog was exalted by your worship.
You visited 4 branches of the dungeon, and saw 24 of its levels.
You also visited: Bailey and Ice Cave.

You collected 2591 gold pieces.
You spent 1509 gold pieces at shops.

Inventory:

Hand Weapons
 a - the +7 executioner's axe of the Ten Ultimatums (weapon) {holy, rElec rF+}
   (You acquired it on level 4 of the Lair of Beasts)

   It has been blessed by the Shining One to cause great damage to the undead
   and demons.
   rF:        It protects you from fire.
   rElec:     It insulates you from electricity.
 b - the +8 demon trident "Rift" {distort, reach+}
   (You found it in a bailey)

   It warps and distorts space around it, and may blink, banish, or inflict
   extra damage upon those it strikes.
   Unwielding it can cause banishment or high damage.
   It can reach especially far, and its reaching attacks ignore other creatures
   in the way.
 e - a +5 broad axe
   (Trog gifted it to you on level 6 of the Lair of Beasts)
 g - the +9 trident "Sustrejye" {drain, *Rage rElec rPois Dex+3}
   (You found it on level 6 of the Lair of Beasts)

   A truly terrible weapon, it drains the life of any living foe it strikes.
   Dex:       It affects your dexterity (+3).
   rElec:     It insulates you from electricity.
   rPois:     It protects you from poison.
   *Rage:     It berserks you when you make melee attacks (+20% chance).
 L - the +4 war axe of Inconvenience {vorpal, +Blink Str+3 Dex+2}
   (Trog gifted it to you on level 4 of the Lair of Beasts)

   It inflicts extra damage upon your enemies.
   Str:       It affects your strength (+3).
   Dex:       It affects your dexterity (+2).
   +Blink:    It lets you blink.
Missiles
 h - 7 boomerangs
 o - a silver boomerang
 r - 2 throwing nets {!d}
 s - 4 silver javelins
 v - 6 curare-tipped darts
 z - 3 boomerangs of dispersal {=f}
Armour
 j - a +2 crystal plate armour of cold resistance
   (You found it in an ice cave)
 k - a +2 pair of gloves of strength (worn)
   (You found it in a bailey)
 n - the +2 ratskin cloak (worn) {*Rats rPois rN+ Str-1 Int-1 Dex+1}
   (You found it on level 4 of the Dungeon)

   When the wearer is hurt, rats may emerge from it to assist them.
   Str:       It affects your strength (-1).
   Int:       It affects your intelligence (-1).
   Dex:       It affects your dexterity (+1).
   rPois:     It protects you from poison.
   rN:        It protects you from negative energy.
 t - a +4 troll leather armour (worn) {Pargi}
   (You found it on level 3 of the Dungeon)
 B - a +3 leather armour of willpower
   (You found it in a bailey)
 K - a +2 pair of boots of flying (worn)
   (You bought it in a shop on level 5 of the Dungeon)
 Z - a +2 hat of stealth (worn)
   (You took it off Gastronok on level 3 of the Lair of Beasts)
Jewellery
 c - the ring of Geggu Qire (left hand) {rC+ MP+9 Str+3}
   (You bought it in a shop on level 2 of the Orcish Mines)

   [ring of magical power]

   Str:       It affects your strength (+3).
   rC:        It protects you from cold.
   MP:        It affects your magic capacity (+9).
 f - the amulet of Georased {Reflect rElec rF- Str+5 SH+5}
   (You acquired it on level 6 of the Lair of Beasts)

   [amulet of reflection]

   It reflects blocked missile attacks.
   Str:       It affects your strength (+5).
   rF:        It makes you vulnerable to fire.
   rElec:     It insulates you from electricity.
   SH:        It affects your SH (+5).
 x - the amulet of the Ego (around neck) {Spirit Rampage Str-5 Int+4 Dex+4}
   (You bought it in a shop on level 1 of the Orcish Mines)

   [amulet of guardian spirit]

   It causes incoming damage to be divided between your reserves of health and
   magic.
   Str:       It affects your strength (-5).
   Int:       It affects your intelligence (+4).
   Dex:       It affects your dexterity (+4).
   Rampage:   It bestows one free step when moving towards enemies.
 F - a ring of protection from fire {rF+, !d}
   (You found it on level 1 of the Dungeon)
 I - a ring of resist corrosion
   (You found it on level 11 of the Dungeon)
 Q - a +4 ring of slaying (right hand)
   (You found it on level 5 of the Lair of Beasts)
 V - a ring of see invisible {sInv, !d}
   (You bought it in a shop on level 2 of the Orcish Mines)
Wands
 d - a wand of digging (5)
   (You found it on level 3 of the Lair of Beasts)
 i - a wand of iceblast (20)
   (You found it on level 10 of the Dungeon)
 p - a wand of paralysis (20)
   (You found it on level 7 of the Dungeon)
 q - a wand of flame (42)
   (You took it off Pikel on level 8 of the Dungeon)
 y - a wand of mindburst (2)
   (You found it on level 13 of the Dungeon)
Scrolls
 A - 2 scrolls of fog
 C - 4 scrolls of identify {@r1}
 D - 4 scrolls of blinking {!r}
 E - 4 scrolls of fear
 O - 2 scrolls of silence
 S - 2 scrolls of summoning
 X - 3 scrolls of magic mapping {@r4!r}
 Y - 7 scrolls of teleportation {@r3}
Potions
 u - 8 potions of attraction {!q}
 G - a potion of ambrosia {!q}
 H - 3 potions of haste
 J - 10 potions of curing {@q1}
 N - 6 potions of heal wounds {@q2}
 R - 3 potions of resistance
 T - 3 potions of berserk rage {!q}
 U - 3 potions of mutation {!q}
 W - 4 potions of might
Miscellaneous
 l - a condenser vane
   (You found it in a bailey)
 m - a phantom mirror
   (You found it on level 12 of the Dungeon)
 w - a phial of floods
   (You found it on level 13 of the Dungeon)


   Skills:
 + Level 17.3 Fighting
 - Level 23.8(24.0) Axes
 - Level 4.9(16.5) Polearms
 - Level 10.0 Throwing
 + Level 10.9 Armour
 + Level 9.0 Dodging
 - Level 10.0 Shields


You had 14 spell levels left.
You didn't know any spells.
Your spell library contained the following spells:

 Spells                   Type           Power      Damage    Failure   Level
 Summon Forest            Summ/Tloc      0%         N/A       100%        5
 Summon Mana Viper        Hex/Summ       0%         N/A       100%        5
 Summon Cactus Giant      Summ           0%         N/A       100%        6


Dungeon Overview and Level Annotations

Branches:
Dungeon (15/15)            Temple (0/1) D:7            Lair (6/6) D:8
 Shoals (0/4) Lair:4        Snake (1/4) Lair:3        Slime (0/5) Lair:5
    Orc (2/2) D:9             Elf (0/3) Orc:2        Vaults (0/5) D:13
 Depths (0/4) D:15         Bailey (visited)           IceCv (visited)

Altars:
Okawaru
Vehumet
Beogh
Jiyva

Shops:
D:5 [   D:9 !   D:12 :   Orc:1 **   Orc:2 =*=*   Snake:1 (

Annotations:
D:5 1 runed translucent door, Crazy Yiuf
D:12 1 exclusion
Abyss:1 Amaemon


Innate Abilities, Weirdness & Mutations

You have a pair of horns on your head.
You reflexively headbutt those who attack you in melee.
Your body sometimes deteriorates upon taking damage.


Message History

The naga warrior barely misses you. The naga warrior constricts you.
The naga mage hits you from afar with a +0 spear!
You take 16 damage, and have 86/147 hp.
You now have 14/23 mp.
You are too injured to fight recklessly!
You are too injured to fight recklessly!
You are too injured to fight recklessly!
You completely miss the naga warrior. You headbutt the naga warrior.
You kill the naga warrior!
Trog accepts your kill.
You slice the sea snake!! You hit the black mamba. The black mamba bites you.
The sea snake misses you. You furiously retaliate!
You headbutt the sea snake.
The naga mage casts a spell.
The naga mage seems to speed up.
You take 2 damage, and have 84/147 hp.
You closely miss the black mamba. You headbutt the black mamba.
You barely miss the sea snake. The black mamba bites you!
The naga mage spits poison at you.
The splash of poison hits you but does no damage.
You resist.
The sea snake bites you but does no damage.
The naga mage points at the black mamba and mumbles some strange words.
The black mamba seems to grow toxic.
The black mamba misses you.
You take 6 damage, and have 78/147 hp.
You now have 13/23 mp.
You slash the black mamba! You slash the sea snake!
The black mamba splashes around in the water.
The sea snake closely misses you. You furiously retaliate!
You headbutt the sea snake. The naga mage closely misses you.
The naga zaps a wand.
The bolt of acid hits you!
You take 7 damage, and have 71/147 hp.
You now have 12/23 mp.
You slash the naga mage! You hit the black mamba.
You barely miss the sea snake.
The naga mage no longer looks unusually strong.
The black mamba bites you but does no damage.
The naga mage hits you with a +0 whip. The naga mage closely misses you.
The naga mage hits you from afar with a +0 spear.
The sea snake bites you but does no damage.
You take 2 damage, and have 69/147 hp.
You slash the naga mage!
You headbutt the naga mage, but do no damage.
You slash the sea snake! You slash the black mamba!
You kill the black mamba!
Trog accepts your kill.
The naga mage points at the sea snake and mumbles some strange words.
The sea snake seems to grow toxic.
The naga zaps a wand.
The bolt of acid misses you. The naga mage spits poison at you.
The splash of poison hits you but does no damage.
You are poisoned.
You resist. The sea snake bites you.
You take 5 damage, and have 64/147 hp.
You now have 11/23 mp.
You rampage towards the naga!
You slice the naga!!
You kill the naga!
Trog accepts your kill.
You hear a splash. x2
You slice the naga mage!!
You slice the naga mage like a ripe choko!!!
You kill the naga mage!
Trog accepts your kill.
Trog appreciates your killing of a magic user.
You feel sick. The naga mage spits poison at you.
The splash of poison hits you.
You are more poisoned.
You resist.
A sea snake comes into view.
You take 4 damage, and have 60/147 hp.
You rampage towards the sea snake!
You slash the sea snake!
You kill the sea snake!
Trog accepts your kill.
You feel sick.
The naga mage hits you but does no damage.
Your Dodging skill increases to level 9!
You take 1 damage, and have 59/147 hp.
You feel sick. The naga mage misses you.
The naga warrior hits you but does no damage.
The naga warrior grabs you. The naga warrior constricts you.
You take 4 damage, and have 55/147 hp.
You now have 10/23 mp.
The sea snake hisses angrily.
You slice the naga warrior!! You headbutt the naga warrior!
You feel sick. The naga mage completely misses you.
The naga warrior hits you with a +0 dire flail!!!
* * * LOW HITPOINT WARNING * * *
The naga warrior constricts you.
You take 35 damage, and have 20/147 hp.
MASSIVE DAMAGE!!
You now have 4/23 mp.
You carve the naga warrior like a ham!!!
You feel sick.
The naga mage no longer looks unusually strong.
The naga mage spits poison at you. The splash of poison hits you.
You are more poisoned.
You resist.
* * * LOW HITPOINT WARNING * * *
The naga mage hits you but does no damage.
The naga warrior hits you with a +0 dire flail!!
You die...

.........[....#
#.P≈≈≈≈≈≈≈≈...####
..≈≈≈≈≈≈..≈≈..#...
.≈≈≈P≈≈≈≈(.≈≈...#
.≈≈...≈≈≈≈P.≈..#
.≈.≈≈..≈≈S≈.≈..#
#≈.≈≈≈.)≈N≈≈≈#.#
.≈.≈≈≈N@)†.†)#.#
.≈..≈≈≈≈).†≈≈..###
#≈...≈≈≈≈.)≈≈.)..###
#≈≈...≈≈≈≈≈≈≈.##...#
..≈≈≈≈≈≈≈≈≈≈..####.##
...≈≈≈≈≈≈≈≈P..# #..#
#######....#### ##.##
###... ......# #..##
#.....## ....#.#
####..#


You could see a naga warrior (strong), a sea snake and a naga mage (fast).

Vanquished Creatures
  Jorgrun (Orc:1)
  Gastronok (Lair:3)
  Frances (D:12)
  A reaper (IceCv)
  Azrael (D:15)
  3 ettins
  Snorg (Lair:6)
  2 ice dragons (D:15)
  2 boulder beetles
  2 naga warriors (Snake:1)
  10 hydras
  A catoblepas (Lair:2)
  2 centaur warriors
  2 ogre magi (Orc:2)
  11 two-headed ogres
  A merfolk avatar (Lair:6)
  An anaconda (Snake:1)
  4 death yaks
  Urug (Lair:3)
  Nergalle (D:10)
  3 skeletal warriors (D:12)
  3 deep trolls
  2 sea snakes (Snake:1)
  A harpy (Lair:6)
  A deep elf pyromancer (Orc:2)
  2 wizards
  A deep elf zephyrmancer (Orc:2)
  Pikel (D:8)
  3 orc sorcerers
  11 ugly things
  A salamander (Snake:1)
  12 cyclopes
  4 manticores
  9 black mambas
  2 ice statues (IceCv)
  4 elephants (Lair:6)
  A naga mage (Snake:1)
  An orange demon (D:12)
  A torpor snail (Lair:6)
  2 gargoyles
  13 cane toads
  An unseen horror (D:11)
  9 rime drakes
  An efreet (D:14)
  13 komodo dragons
  An anaconda simulacrum (IceCv)
  3 ice devils (IceCv)
  12 trolls
  5 polar bears (Lair:6)
  17 blink frogs
  3 wind drakes
  A hornet (D:9)
  A wind drake (shapeshifter) (D:13)
  A blink frog (shapeshifter) (D:14)
  5 dream sheep (Lair:6)
  8 slime creatures
  A culicivora (shapeshifter) (D:15)
  2 vampires
  3 wraiths
  3 shadows
  5 wyverns
  8 basilisks
  49 yaks
  2 steam dragons
  4 fire elementals (D:15)
  2 death yak simulacra (IceCv)
  7 vampire mosquitoes
  A harpy simulacrum (IceCv)
  8 nagas (Snake:1)
  An acid dragon (D:11)
  14 water moccasins
  3 hell hounds (D:15)
  Pargi (D:3)
  A sky beast (D:5)
  2 swamp drakes
  3 ice beasts
  3 black bears
  4 boggarts (Lair:6)
  27 ogres
  19 orc warriors
  12 wolves (Lair:1)
  4 lemures (D:8)
  2 centaurs
  2 kobold brigands
  Blork the orc (Orc:2)
  10 bullfrogs
  2 necrophages
  3 scorpions
  2 two-headed ogre simulacra (IceCv)
  3 wights (D:8)
  6 killer bees
  3 elephant simulacra (IceCv)
  8 vampire bats (Bailey)
  5 wolf zombies (Bailey)
  3 howler monkeys
  A crimson imp (Orc:2)
  A lava snake (D:9)
  2 gnoll shamans
  2 hounds (D:5)
  A jelly (D:6)
  14 orc priests
  An iron imp (Orc:2)
  4 iguanas
  22 orc wizards
  3 spriggan simulacra (IceCv)
  2 troll simulacra (IceCv)
  A wolf simulacrum (IceCv)
  A polar bear simulacrum (IceCv)
  6 adders
  14 gnolls
  A naga simulacrum (IceCv)
  A shadow imp (Orc:2)
  13 white imps
  4 ufetubi
  A worm (D:2)
  4 dart slugs
  102 orcs
  4 ball pythons
  5 endoplasms
  3 giant cockroaches
  15 goblins
  8 hobgoblins
  2 jackals (D:4)
  3 quokkas
  6 bats
  3 frilled lizards (D:1)
  14 kobolds
  26 orc zombies (Bailey)
  3 rats (D:1)
740 creatures vanquished.

Vanquished Creatures (collateral kills)
  A yak (D:9)
  A phantom (D:5)
  A worm (D:4)
3 creatures vanquished.

Vanquished Creatures (others)
  An orc (Orc:2)
  12 fungi
  25 plants
38 creatures vanquished.

Grand Total: 781 creatures vanquished

Notes
Turn   | Place    | Note
-------+----------+-------------------------------------------
     0 | D:1      | sokol815 the Minotaur Berserker began the quest for the
                  | Orb.
     0 | D:1      | Reached XP level 1. HP: 19/19 MP: 0/0
   164 | D:1      | Reached XP level 2. HP: 27/27 MP: 1/1
   454 | D:1      | HP: 4/27 [hobgoblin (3)]
   460 | D:1      | HP: 1/27 [hobgoblin (4)]
   945 | D:1      | Reached skill level 4 in Fighting
   945 | D:1      | Reached skill level 4 in Axes
   945 | D:1      | Reached skill level 3 in Armour
  1092 | D:1      | Reached XP level 3. HP: 33/33 MP: 2/2
  1490 | D:2      | Noticed an ogre
  1495 | D:2      | Killed an ogre
  1496 | D:2      | Reached skill level 5 in Axes
  1496 | D:2      | Reached XP level 4. HP: 40/40 MP: 3/3
  1686 | D:2      | Reached skill level 6 in Axes
  1732 | D:2      | Reached XP level 5. HP: 46/46 MP: 4/4
  2161 | D:3      | Noticed Pargi
  2167 | D:3      | Killed Pargi
  2168 | D:3      | Reached skill level 7 in Axes
  2349 | D:3      | Found a faded altar of an unknown god.
  3060 | D:4      | Reached XP level 6. HP: 52/52 MP: 5/5
  3122 | D:4      | Found the +2 ratskin cloak {*Rats rPois rN+ Str-1 Int-1
                  | Dex+1}
  3140 | D:4      | Found a radiant altar of Vehumet.
  3195 | D:4      | Reached ** piety under Trog
  3200 | D:4      | Reached skill level 8 in Axes
  3742 | D:4      | Noticed an orc warrior
  3757 | D:4      | Killed an orc warrior
  3917 | D:5      | Entered Level 5 of the Dungeon
  3959 | D:5      | Reached skill level 9 in Axes
  3959 | D:5      | Reached XP level 7. HP: 55/59 MP: 6/6
  4047 | D:5      | Found Veomaugh's Antique Armour Boutique.
  4122 | D:5      | Reached skill level 10 in Axes
  4161 | D:5      | Reached skill level 11 in Axes
  4248 | D:5      | Reached XP level 8. HP: 66/66 MP: 5/7
  4260 | D:5      | Reached skill level 12 in Axes
  4427 | D:5      | Found a runed translucent door.
  4428 | D:5      | Noticed Crazy Yiuf
  4807 | D:5      | Bought a pair of glowing boots for 240 gold pieces
  4842 | D:6      | Reached skill level 13 in Axes
  4967 | D:6      | Reached skill level 14 in Axes
  5027 | D:6      | Reached *** piety under Trog
  5261 | D:6      | Reached skill level 15 in Axes
  5261 | D:6      | Reached XP level 9. HP: 66/71 MP: 8/8
  5735 | D:7      | Reached skill level 16 in Axes
  6213 | D:7      | Found a staircase to the Ecumenical Temple.
  6219 | D:7      | Reached skill level 5 in Fighting
  6626 | D:8      | Noticed Pikel
  6640 | D:8      | Killed Pikel
  6641 | D:8      | Reached skill level 6 in Fighting
  6641 | D:8      | Reached skill level 17 in Axes
  6683 | D:8      | Noticed a troll
  6693 | D:8      | Killed a troll
  6694 | D:8      | Reached skill level 7 in Fighting
  6856 | D:8      | Reached skill level 18 in Axes
  6860 | D:8      | Reached XP level 10. HP: 81/88 MP: 7/9
  6922 | D:8      | Reached **** piety under Trog
  7116 | D:8      | Reached skill level 8 in Fighting
  7214 | D:8      | Reached skill level 9 in Fighting
  7214 | D:8      | Reached skill level 19 in Axes
  7226 | D:8      | Found a staircase to the Lair.
  7674 | D:9      | Found Piggeara's Distillery.
  7706 | D:9      | Bought a potion of berserk rage for 65 gold pieces
  7738 | D:9      | Found a staircase to the Orcish Mines.
  7757 | D:9      | Reached skill level 10 in Fighting
  7792 | D:9      | Reached skill level 20 in Axes
  7941 | D:9      | Noticed a six-headed hydra
  7952 | D:9      | HP: 24/141 [12-headed hydra (12)]
  7955 | D:9      | Killed a 15-headed hydra
  7956 | D:9      | Reached skill level 11 in Fighting
  8083 | D:9      | Reached XP level 11. HP: 87/102 MP: 10/10
  8604 | D:10     | Entered Level 10 of the Dungeon
  8630 | D:10     | Found a flagged portal.
  8646 | Bailey   | Entered a bailey
  8686 | Bailey   | Reached ***** piety under Trog
  8709 | Bailey   | Reached skill level 12 in Fighting
  8850 | Bailey   | Reached skill level 1 in Shields
  8886 | Bailey   | Found the +8 demon trident "Rift" {distort, reach+}
  8945 | Bailey   | Found the +3 hat of Pondering {ponderous, Will+ MP+10
                  | Int+5}
  8954 | Bailey   | Reached skill level 1 in Throwing
  8999 | Bailey   | Received a gift from Trog
  9246 | D:10     | Reached skill level 3 in Dodging
  9261 | D:10     | Reached skill level 1 in Polearms
  9467 | D:10     | Noticed Nergalle
  9470 | D:10     | Noticed a centaur warrior
  9482 | D:10     | Killed a centaur warrior
  9483 | D:10     | Reached skill level 2 in Shields
  9484 | D:10     | Killed Nergalle
  9485 | D:10     | Reached skill level 2 in Polearms
  9485 | D:10     | Reached skill level 2 in Throwing
  9726 | D:11     | Reached skill level 3 in Shields
  9751 | D:11     | Reached skill level 4 in Armour
  9754 | D:11     | Reached skill level 3 in Polearms
  9759 | D:11     | Reached skill level 3 in Throwing
  9840 | D:11     | Reached skill level 4 in Shields
  9944 | D:11     | Reached skill level 4 in Polearms
 10041 | D:11     | Reached skill level 4 in Dodging
 10054 | D:11     | Noticed a two-headed ogre
 10063 | D:11     | Killed a two-headed ogre
 10064 | D:11     | Reached skill level 4 in Throwing
 10274 | D:11     | Noticed a two-headed ogre
 10281 | D:11     | Killed a two-headed ogre
 10282 | D:11     | Reached skill level 5 in Shields
 10480 | Lair:1   | Entered Level 1 of the Lair of Beasts
 10492 | Lair:1   | Reached XP level 12. HP: 113/113 MP: 11/11
 10494 | Lair:1   | Reached skill level 5 in Armour
 10794 | Lair:1   | Reached skill level 5 in Throwing
 10808 | Lair:1   | Reached skill level 6 in Shields
 11044 | Lair:1   | Reached skill level 5 in Dodging
 11236 | Lair:2   | Noticed a catoblepas
 11313 | Lair:1   | Reached skill level 13 in Fighting
 11369 | Lair:2   | Reached skill level 6 in Armour
 11369 | Lair:2   | Reached skill level 7 in Shields
 11374 | Lair:2   | Reached skill level 6 in Throwing
 11439 | Lair:2   | Killed a catoblepas
 12033 | Lair:3   | Noticed Gastronok
 12044 | Lair:3   | Killed Gastronok
 12045 | Lair:3   | Reached skill level 8 in Shields
 12105 | Lair:3   | Reached skill level 6 in Dodging
 12230 | Lair:3   | Reached skill level 7 in Throwing
 12366 | Lair:3   | Found a staircase to the Snake Pit.
 12581 | Lair:3   | Reached XP level 13. HP: 122/122 MP: 12/12
 12649 | Lair:3   | Noticed Urug
 12659 | Lair:3   | Killed Urug
 12687 | Lair:3   | Reached skill level 7 in Armour
 12952 | Lair:4   | Reached skill level 9 in Shields
 13423 | Lair:4   | Found a staircase to the Shoals.
 13441 | Lair:4   | Reached skill level 8 in Throwing
 13551 | Lair:4   | Identified the +4 war axe of Inconvenience {vorpal, +Blink
                  | Str+3 Dex+2} (Trog gifted it to you on level 4 of the Lair
                  | of Beasts)
 13551 | Lair:4   | Received a gift from Trog
 13721 | Lair:4   | Identified a scroll of acquirement
 13721 | Lair:4   | Acquired the +7 executioner's axe of the Ten Ultimatums
                  | {holy, rElec rF+}
 13898 | Lair:5   | Found a frozen archway.
 13940 | IceCv    | Entered an ice cave
 14120 | IceCv    | Reached skill level 10 in Shields
 14157 | IceCv    | Reached skill level 7 in Dodging
 14187 | IceCv    | Noticed a reaper
 14200 | IceCv    | Killed a reaper
 14208 | IceCv    | Identified the +1 chain mail of Xac Ameg {rN+ Dex+4}
 14314 | Lair:5   | Found a viscous altar of Jiyva.
 14317 | Lair:5   | Found a staircase to the Slime Pits.
 14388 | Lair:5   | Reached skill level 8 in Armour
 14400 | Lair:5   | Reached skill level 14 in Fighting
 14937 | Lair:6   | Entered Level 6 of the Lair of Beasts
 15025 | Lair:6   | Reached skill level 9 in Throwing
 15258 | Lair:6   | Reached ****** piety under Trog
 15269 | Lair:6   | Reached XP level 14. HP: 85/132 MP: 7/13
 15379 | Lair:6   | Acquired the amulet of Georased {Reflect rElec rF- Str+5
                  | SH+5}
 15504 | Lair:6   | Reached skill level 8 in Dodging
 15513 | Lair:6   | Noticed Snorg
 15524 | Lair:6   | Killed Snorg
 15560 | Lair:6   | Reached skill level 9 in Armour
 15650 | Lair:6   | Reached skill level 10 in Throwing
 15710 | Lair:6   | Reached skill level 21 in Axes
 15744 | Lair:6   | Received a gift from Trog
 15749 | Lair:6   | Identified the +7 rapier "Grim" {vorpal, rPois rN+ Will-
                  | Dex+8}
 15765 | Lair:6   | Identified the +9 trident "Sustrejye" {drain, *Rage rElec
                  | rPois Dex+3}
 16325 | D:12     | Noticed Amaemon
 16330 | D:12     | Banished Amaemon
 16392 | D:12     | Found Budoo's Book Shop.
 16510 | D:12     | Noticed Frances
 16519 | D:12     | Killed Frances
 16554 | D:12     | Reached skill level 15 in Fighting
 16650 | D:12     | Reached skill level 10 in Armour
 16878 | D:13     | Found a gate to the Vaults.
 17080 | D:13     | Identified the +0 robe of the Catamount {+Inv Will+}
 17183 | D:13     | Reached skill level 22 in Axes
 17473 | D:13     | Reached XP level 15. HP: 141/141 MP: 14/14
 17904 | D:14     | Received a gift from Trog
 18282 | D:15     | Entered Level 15 of the Dungeon
 18463 | D:15     | Noticed Azrael
 18476 | D:15     | Reached skill level 16 in Fighting
 18478 | D:15     | Killed Azrael
 18817 | D:15     | Found an iron altar of Okawaru.
 18890 | D:15     | Reached skill level 23 in Axes
 18993 | D:15     | Found a staircase to the Depths.
 19373 | Orc:1    | Entered Level 1 of the Orcish Mines
 19441 | Orc:2    | Entered Level 2 of the Orcish Mines
 19441 | Orc:2    | Found a staircase to the Elven Halls.
 19483 | Orc:2    | Received a gift from Trog
 19493 | Orc:2    | Gained mutation: Your body sometimes deteriorates upon
                  | taking damage. [mutagenic glow]
 19501 | Orc:2    | Paralysed by something for 3 turns
 19832 | Orc:2    | Noticed Blork the orc
 19839 | Orc:2    | Killed Blork the orc
 19951 | Orc:2    | Found Xymeic's Jewellery Emporium.
 19961 | Orc:2    | Found Etefim's Jewellery Shoppe.
 19975 | Orc:2    | Found Xaulethru's General Store.
 19978 | Orc:2    | Found Tuetwa's Assorted Antiques.
 20072 | Orc:2    | Bought the ring of Geggu Qire {rC+ MP+9 Str+3} for 403 gold
                  | pieces
 20130 | Orc:2    | Bought a ring of see invisible for 195 gold pieces
 20411 | Orc:1    | Reached skill level 17 in Fighting
 20420 | Orc:1    | Noticed Jorgrun
 20479 | Orc:1    | Killed Jorgrun
 20542 | Orc:1    | Found Ytisch's General Store.
 20545 | Orc:1    | Received a gift from Trog
 20614 | Orc:1    | Found Isuudox's Specific Store.
 20622 | Orc:1    | Bought the amulet of the Ego {Spirit Rampage Str-5 Int+4
                  | Dex+4} for 606 gold pieces
 20975 | Snake:1  | Entered Level 1 of the Snake Pit
 21072 | Snake:1  | Found Fixteuq's Weapon Emporium.
 21126 | Snake:1  | Reached skill level 9 in Dodging
 21127 | Snake:1  | HP: 20/147 [naga warrior/+0 dire flail (35)]
 21128 | Snake:1  | Mangled by a naga warrior

Illustrated notes

Levels and vault maps discovered:
D:1:      elethiomel_arrival_quiet, layout_loops_corners
D:2:      layout_loops_cross
D:3:      layout_basic, hellmonk_ecumenical_altar_pennies_from_heaven,
          uniq_pargi
D:4:      layout_cave_pods, mainiacjoe_overflow_brackets
D:5:      layout_rooms, serial_shops, nicolae_shop_stone, serial_corexii_hall,
          chequers_hall_statues_corner_a, chequers_hall_statues_wall_a,
          st_stairs_10, minmay_checkerbox, uniq_crazy_yiuf_cottage
D:6:      layout_layer_cave
D:7:      layout_loops_corners, minmay_temple_entry_fiery
D:8:      layout_rooms, erik_lair_dragon, uniq_pikel
D:9:      layout_loops_ring, erik_orc_1, serial_shops, nicolae_stop_n_shop_2,
          kennysheep_another_room, minmay_fractal_squares_gapless_5
D:10:     layout_small_grid, enter_bailey_3, uniq_nergalle
D:11:     layout_gridville, minmay_misc_feat_iff, st_stairs_3
D:12:     layout_roguey, serial_shops, kennysheep_mini, minivault_4,
          uniq_frances, uniq_amaemon
D:13:     layout_loops_ring, david_vaults_4
D:14:     layout_loops_ring, special_room [special_room_orc],
          corexii_leaking_fountain, bh_walls_and_bars
D:15:     grunt_enter_depths_hoard, layout_loops_corners,
          hangedman_decor_points, okawaru_altar_gauntlet_db, uniq_azrael
Lair:1:   layout_long_grid
Lair:2:   layout_cave_shapes
Lair:3:   layout_regular_city, dummy_snake_entry,
          eino_small_chamber_without_monster, uniq_gastronok, uniq_urug
Lair:4:   layout_cave_pods, minmay_shoals_entry_beasts, guppyfry_lair_drakes,
          serial_bayou_shore_b, serial_bayou_shore_b, grunt_megastairs_2
Lair:5:   layout_gridlike, slime_altar_1, portal_ice_cave_entry_imps,
          beast_lair_carwin_2
Lair:6:   gammafunk_lair_ancient_temple, layout_small_grid,
          kilobyte_rumbling_trees, uniq_snorg
Snake:1:  layout_misc_corridors, serial_shops, statue_bzr,
          guppyfry_snake_island, serial_bayou_shore_a, grunt_megastairs_5,
          minmay_shop_star
Orc:1:    layout_diamond_mine, nicolae_specific_store, uniq_jorgrun
Orc:2:    st_orc_open, layout_caves, hangedman_minor_magic

Skill      XL: |  1  2  3  4  5  6  7  8  9 10 11 12 13 14 15 |
---------------+----------------------------------------------+-----
Fighting       | 4 7 11 12 13 14 15 17 | 17.3
Axes           | 4 5 6 7 9 11 15 18 20 22 23 | 23.8
Armour         | 3 4 6 8 10 | 10.9
Shields        | 5 8 10 | 10.0
Throwing       | 4 7 9 10 | 10.0
Dodging        | 4 6 7 8 9 |  9.0
Polearms       | 4 |  4.9

Action                   |  1- 3 |  4- 6 |  7- 9 | 10-12 | 13-15 || total
-------------------------+-------+-------+-------+-------+-------++-------
Melee: Hand axe          |    47 |    74 |   195 |   510 |    59 ||   885
       Headbutt          |     5 |    11 |    40 |   114 |   116 ||   286
       Punch             |     1 |     3 |     1 |       |       ||     5
       Demon trident     |       |       |       |       |   676 ||   676
       War axe           |       |       |       |       |    57 ||    57
       Executioner's axe |       |       |       |       |   148 ||   148
Throw: Stone             |    11 |       |       |       |       ||    11
Invok: Berserk           |     2 |     4 |     4 |     8 |     3 ||    21
       Trog's Hand       |       |       |     1 |       |       ||     1
  Use: Scroll            |       |     9 |    10 |    10 |     9 ||    38
       Potion            |       |       |       |       |     2 ||     2
 Stab: Sleeping          |       |     1 |       |     1 |    13 ||    15
       Distracted        |       |       |     1 |     4 |     1 ||     6
       Petrifying        |       |       |       |     1 |       ||     1
Armor: Animal skin       |     7 |     7 |       |       |       ||    14
       Troll leather arm |       |    11 |    57 |   159 |   174 ||   401
Dodge: Dodged            |    27 |    45 |    73 |   183 |   234 ||   562
Block: Buckler           |       |       |    17 |   115 |   124 ||   256
       Reflection        |       |       |       |       |     2 ||     2

Table legend: (Time is in decaauts)
 A = Elapsed time spent in this place.
 B = Non-inter-level travel time spent in this place.
 C = Inter-level travel time spent in this place.
 D = Time resting spent in this place.
 E = Time spent auto-exploring this place.
 F = Levels seen in this place.
 G = Mean time per level.
                   A        B        C        D        E       F      G
               +--------+--------+--------+--------+--------+-----+--------+
         Total |  20782 |  19242 |   1540 |   1229 |  14541 |  26 |  799.3 |
       Dungeon |  13360 |  12331 |   1029 |    877 |   9759 |  15 |  890.7 |
          Lair |   5122 |   4712 |    410 |    152 |   3619 |   6 |  853.7 |
     Snake Pit |    141 |    141 |      0 |      0 |     86 |   1 |  141.0 |
  Orcish Mines |   1385 |   1286 |     99 |    118 |    787 |   2 |  692.5 |
        Bailey |    445 |    445 |      0 |      0 |    213 |   1 |  445.0 |
      Ice Cave |    327 |    327 |      0 |     80 |     76 |   1 |  327.0 |
               +--------+--------+--------+--------+--------+-----+--------+

Top non-repeatable levels by time:
     D:1: 1265 daAuts
     D:8: 1147 daAuts
     D:9: 1125 daAuts
     D:6: 1049 daAuts
  Lair:3: 1004 daAuts
  Lair:4: 962 daAuts
  Lair:6: 957 daAuts
     D:4: 946 daAuts
    D:15: 939 daAuts
     D:7: 925 daAuts
  Lair:1: 915 daAuts
     D:2: 908 daAuts
     D:3: 892 daAuts
   Orc:2: 888 daAuts
    D:11: 791 daAuts

Table legend:
 A = Kills in this place as a percentage of kills in entire the game.
 B = Kills by you in this place as a percentage of kills by you in the entire game.
 C = Kills by friends in this place as a percentage of kills by friends in the entire game.
 D = Other kills in this place as a percentage of other kills in the entire game.
 E = Experience gained in this place as a percentage of experience gained in the entire game.
 F = Experience gained in this place divided by the number of levels of this place that you have seen.
                   A       B       C       D       E      F
               +-------+-------+-------+-------+-------+----------------------
         Total | 100.0 | 100.0 | 100.0 | 100.0 | 100.0 | 5873.8
       Dungeon |  46.5 |  45.9 | 100.0 |  66.7 |  39.7 | 4044.3
          Lair |  24.9 |  25.1 |   0.0 |  16.7 |  34.7 | 8826.0
     Snake Pit |   2.4 |   2.4 |   0.0 |   0.0 |   5.0 | 7659.0
  Orcish Mines |  16.9 |  17.3 |   0.0 |   0.0 |  16.2 | 12372.5
        Bailey |   5.5 |   5.6 |   0.0 |   0.0 |   1.0 | 1468.0
      Ice Cave |   3.9 |   3.7 |   0.0 |  16.7 |   3.4 | 5226.0
               +-------+-------+-------+-------+-------+----------------------
